 Dungeon Crawl Stone Soup version 0.29.0-11-gd7f09526c8 (webtiles) character file.

Game seed: 3366930393323022108

37632 Bartlander the Basher (level 13, -2/106 HPs)
             Began as a Gnoll Cinder Acolyte on Sept 6, 2022.
             Was an Initiate of Ignis.
             Drowned by a drowned soul (13 damage)
             ... summoned by a merfolk avatar
             ... on level 5 of the Lair of Beasts.
             The game lasted 01:18:13 (25157 turns).

Bartlander the Basher (Gnoll Cinder Acolyte)       Turns: 25157, Time: 01:18:13

Health: -2/106     AC: 26    Str: 19    XL:     13   Next: 97%
Magic:  26/26      EV:  6    Int: 14    God:    Ignis [......]
Gold:   1081       SH: 14    Dex:  7    Spells: 25/31 levels left

rFire   + . .      SeeInvis .   a - +8 trident of the Octopus King {venom, rElec rPois}
rCold   . . .      Faith    .   u - +0 kite shield
rNeg    . . .      Spirit   .   v - +0 plate armour
rPois   +          Reflect  +   n - +0 helmet
rElec   +          Harm     .   t - +1 cloak
rCorr   .          Rampage  .   q - +0 pair of gloves
Will    +....                   (no boots)
Stlth   ..........              k - amulet of reflection
HPRegen 0.27/turn               r - ring of poison resistance
MPRegen 0.20/turn               H - ring of willpower

@: about to teleport, fiery-armoured
A: fangs 1, strong nose, distributed training
a: Renounce Religion


You were on level 5 of the Lair of Beasts.
You worshipped Ignis.
Ignis was noncommittal.
You visited 3 branches of the dungeon, and saw 19 of its levels.

You collected 1081 gold pieces.

Inventory:

Hand Weapons
 a - the +8 trident of the Octopus King (weapon) {venom, rElec rPois}
   (You found it on level 8 of the Dungeon)

   It poisons the flesh of those it strikes.
   rElec:     It insulates you from electricity.
   rPois:     It protects you from poison.
 b - the +9 shortbow of the Absolute Madman {venom, rElec}
   (You found it on level 10 of the Dungeon)

   Any ammunition fired from it poisons the flesh of those it strikes.
   rElec:     It insulates you from electricity.
 l - a +2 flail of holy wrath
 x - the +6 mace of Truth {antimagic, SInv}
   (You found it on level 6 of the Dungeon)

   It reduces the magical energy of the wielder, and disrupts the spells and
   magical abilities of those it strikes.
   Natural abilities and divine invocations are not affected.
   SInv:      It lets you see invisible.
 M - a +0 broad axe
Missiles
 o - 26 poisoned darts (quivered)
 P - a throwing net
Armour
 d - a +0 ring mail
 n - a +0 helmet (worn)
 q - a +0 pair of gloves (worn)
 t - a +1 cloak (worn)
 u - a +0 kite shield (worn)
 v - a +0 plate armour (worn)
Magical Staves
 O - a staff of fire
Jewellery
 i - a ring of wizardry
 j - a +6 ring of dexterity
 k - an amulet of reflection (around neck)
 r - a ring of poison resistance (left hand)
 B - an amulet of regeneration
 D - a ring of fire
 G - a ring of ice
 H - a ring of willpower (right hand)
 I - a ring of fire
 L - an amulet of magic regeneration
Wands
 w - a wand of iceblast (27)
 C - a wand of flame (6)
 Q - a wand of mindburst (9)
Scrolls
 p - 4 scrolls of magic mapping
 y - 3 scrolls of amnesia
 K - 2 scrolls of enchant weapon
 R - a scroll of teleportation
 S - 2 scrolls of identify
 T - a scroll of enchant armour
Potions
 c - 2 potions of ambrosia
 f - 3 potions of resistance
 g - a potion of brilliance
 m - 2 potions of haste
 s - 2 potions of flight
 z - 4 potions of curing
 E - a potion of cancellation
 F - a potion of lignification
 J - a potion of mutation
 N - a potion of invisibility
Miscellaneous
 h - a phantom mirror


   Skills:
 + Level 11.2 Fighting
 + Level 9.1 Short Blades
 + Level 9.1 Long Blades
 + Level 9.1 Axes
 + Level 11.2 Maces & Flails
 + Level 9.1 Polearms
 + Level 9.1 Staves
 + Level 9.1 Ranged Weapons
 + Level 9.1 Throwing
 + Level 9.1 Armour
 + Level 9.1 Dodging
 + Level 9.1 Stealth
 + Level 9.1 Shields
 + Level 9.1 Unarmed Combat
 + Level 9.5 Spellcasting
 + Level 7.5 Conjurations
 + Level 7.5 Hexes
 + Level 7.5 Summonings
 + Level 7.5 Necromancy
 + Level 7.5 Translocations
 + Level 7.5 Transmutations
 + Level 9.4 Fire Magic
 + Level 7.5 Ice Magic
 + Level 7.5 Air Magic
 + Level 7.5 Earth Magic
 + Level 7.5 Poison Magic
 + Level 9.9 Invocations
 + Level 9.1 Evocations


You had 25 spell levels left.
You knew the following spells:

 Your Spells              Type           Power      Damage    Failure   Level
a - Scorch                Fire           66%        2d8       17%         2
b - Blink                 Tloc           54%        N/A       36%         2
c - Wereblood             Tmut           27%        N/A       36%         2

Your spell library contained the following spells:

 Spells                   Type           Power      Damage    Failure   Level
 Beastly Appendage        Tmut           54%        N/A       24%         1
 Ensorcelled Hibernation  Hex/Ice        54%        N/A       36%         2
 Static Discharge         Conj/Air       27%        3-7/arc   36%         2
 Sublimation of Blood     Necr           27%        N/A       36%         2
 Lesser Beckoning         Tloc           27%        N/A       58%         3
 Ozocubu's Armour         Ice            27%        N/A       58%         3
 Spider Form              Tmut/Pois      27%        N/A       58%         3
 Anguish                  Hex/Necr       13%        N/A       94%         4
 Animate Armour           Summ/Erth      54%        N/A       94%         4
 Petrify                  Tmut/Erth      27%        N/A       94%         4
 Blade Hands              Tmut           13%        N/A       100%        5
 Irradiate                Conj/Tmut      13%        3d16      100%        5
 Lightning Bolt           Conj/Air       13%        1d27      100%        5
 Manifold Assault         Tloc           27%        N/A       100%        5
 Metabolic Englaciation   Hex/Ice        13%        N/A       100%        5
 Iron Shot                Conj/Erth      13%        9d3       100%        6
 Simulacrum               Ice/Necr       13%        N/A       100%        6
 Maxwell's Capacitive Co  Air            13%        ∞         100%        8


Dungeon Overview and Level Annotations

Branches:
Dungeon (13/15)            Temple (1/1) D:4            Lair (5/5) D:9
  Swamp (0/4) Lair:2       Spider (0/4) Lair:3          Orc (0/2) D:12
  Slime: Lair:4-5    Vaults: D:13-14

Altars:
Ashenzari
Cheibriados
Dithmenos
Elyvilon
Fedhas
Gozag
Hepliaklqana
Kikubaaqudgha
Makhleb
Nemelex Xobeh
Okawaru
Qazlal
Ru
Sif Muna
Trog
Uskayaw
Vehumet
Wu Jian
Xom
Yredelemnul
Zin
The Shining One
Lugonu

Shops:
D:1 *   D:6 *   D:9 *

Portals:
Trove: D:10 (give +5 demon trident)

Annotations:
D:7 2 transporters


Innate Abilities, Weirdness & Mutations

You have very sharp teeth.
Your uncanny sense of smell can sniff out nearby items.
Your experience applies equally to all skills.


Message History

Aim: a drowned soul (almost destroyed, summoned, ally target, about 37% to evade the +8 trident of the Octopus King)
Okay, then.
You barely miss the drowned soul.
The drowned soul is almost destroyed.
The blink frog blinks!
The drowned soul touches you. The drowned soul drowns you!
* * * LOW HITPOINT WARNING * * *
The blink frog hits your cane toad but does no damage.
The merfolk avatar chants a haunting song.
You resist with some effort.
Your cane toad misses the blink frog.
Your komodo dragon bites the blink frog!
You feel better.
The shadowy forms in the deep grow still as others approach.
The blink frog barely misses your cane toad.
You block the drowned soul's attack.
Your cane toad stings the blink frog!
The blink frog is poisoned.
Your cane toad poisons the blink frog!
The blink frog blinks!
Your water moccasin completely misses the blink frog.
The merfolk avatar chants a haunting song.
You resist with some effort.
Your komodo dragon misses the blink frog.
Reach: a) +8 trident of the Octopus King {venom, rElec rPois}
Press: ? - help, Dir - move target, f - drowned soul, p - merfolk avatar
Aim: a drowned soul (summoned, about 37% to evade the +8 trident of the Octopus King)
Okay, then.
You puncture the drowned soul!
You bite the drowned soul, but do no damage.
The drowned soul is heavily damaged.
Shadowy forms rise from the deep at the merfolk avatar's song!
The blink frog blinks!
The drowned soul touches you. The drowned soul drowns you!
* * * LOW HITPOINT WARNING * * *
The blink frog hits your water moccasin!
As you read the scroll of teleportation, it crumbles to dust.
You feel strangely unstable.
Your cane toad barely misses the blink frog.
The blink frog blinks!
The drowned soul touches you.
* * * LOW HITPOINT WARNING * * *
The drowned soul drowns you!
You die...

.. #### ~.~#~#~#
#. #?$[∆#P~~.~~ #
# #!W≈∆+~~~~8~ #~
#!Wm∆+~~~~~~
#~~#)!$∆#..~~. .#
#~.~F#W##8~# ..
.~~~~~.~~~~# .#
#~~#..~@l§~# #.
#⌠~~#~~~.F§# ..
### #~~##S#.# ..
~~~~~ ~~F~~~ ..
P~...~ .~~~~~~ .
~.#~~~~~~~#~~##~~
P#P~~~#P§.#.~# ~
.....~~~.~~.~ ##
...


You could see a merfolk avatar, 2 blink frogs, 3 drowned souls, a friendly
komodo dragon (summoned), a friendly cane toad (summoned) and a friendly water
moccasin (summoned).

Vanquished Creatures
  A very ugly thing (D:10)
  Fannar (D:10)
  4 hydras
  Erolcha (D:9)
  A boulder beetle (Lair:2)
  2 catoblepae
  A sea snake (Lair:5)
  A wizard (D:9)
  A deep elf pyromancer (D:12)
  8 ugly things
  A cyclops (D:10)
  9 elephants
  4 cane toads
  A gargoyle (D:12)
  A komodo dragon (Lair:2)
  3 trolls
  A wind drake (Lair:5)
  2 blink frogs (Lair:5)
  4 slime creatures (D:12)
  8 dream sheep
  A jumping spider (Lair:3)
  A shadow (D:11)
  2 wraiths (D:12)
  42 yaks
  A vampire (D:9)
  2 water elementals (D:12)
  9 wyverns
  3 steam dragons
  3 basilisks
  8 vampire mosquitoes
  2 redbacks (Lair:3)
  Menkaure (D:6)
  A swamp worm (Lair:2)
  2 acid dragons
  7 water moccasins
  An ice beast (D:5)
  8 orc warriors
  2 sky beasts (D:6)
  4 black bears
  2 ogres
  10 wolves (Lair:1)
  3 phantoms
  2 kobold brigands
  6 bullfrogs
  3 scorpions
  3 gnoll sergeants
  A necrophage (D:9)
  8 killer bees (D:9)
  2 electric eels
  5 howler monkeys
  3 hounds
  12 orc priests
  6 iguanas
  17 orc wizards
  5 adders
  10 gnolls
  2 shadow imps
  A white imp (D:7)
  5 ufetubi
  A worm (D:2)
  A dart slug (D:4)
  63 orcs
  6 ball pythons
  5 bats
  5 endoplasms
  7 giant cockroaches
  11 goblins
  8 hobgoblins
  4 jackals (D:5)
  17 kobolds
  2 quokkas (D:2)
  8 rats
399 creatures vanquished.

Vanquished Creatures (collateral kills)
  A two-headed ogre (D:12)
  A dream sheep (Lair:4)
  7 foxfires (Lair:2)
9 creatures vanquished.

Vanquished Creatures (others)
  A wizard (D:10)
  A shadow imp (D:8)
  3 bushes (D:9)
  23 foxfires
  22 fungi
  51 plants
101 creatures vanquished.

Grand Total: 509 creatures vanquished

Notes
Turn   | Place    | Note
-------+----------+-------------------------------------------
     0 | D:1      | Bartlander the Gnoll Cinder Acolyte began the quest for the
                  | Orb.
     0 | D:1      | Reached XP level 1. HP: 23/23 MP: 4/4
   226 | D:1      | Reached XP level 2. HP: 18/29 MP: 5/5
   652 | D:1      | Found Asocaeb's General Store.
   848 | D:1      | Reached XP level 3. HP: 32/35 MP: 7/7
  1059 | D:2      | Reached skill level 1 in Invocations
  1136 | D:2      | Reached skill level 1 in Short Blades
  1136 | D:2      | Reached skill level 1 in Long Blades
  1136 | D:2      | Reached skill level 1 in Axes
  1136 | D:2      | Reached skill level 1 in Polearms
  1136 | D:2      | Reached skill level 1 in Staves
  1136 | D:2      | Reached skill level 1 in Ranged Weapons
  1136 | D:2      | Reached skill level 1 in Throwing
  1136 | D:2      | Reached skill level 1 in Armour
  1136 | D:2      | Reached skill level 1 in Dodging
  1136 | D:2      | Reached skill level 1 in Stealth
  1136 | D:2      | Reached skill level 1 in Shields
  1136 | D:2      | Reached skill level 1 in Unarmed Combat
  1136 | D:2      | Reached skill level 1 in Evocations
  1239 | D:2      | Reached XP level 4. HP: 38/41 MP: 8/8
  1552 | D:2      | Reached skill level 1 in Conjurations
  1552 | D:2      | Reached skill level 1 in Hexes
  1552 | D:2      | Reached skill level 1 in Summonings
  1552 | D:2      | Reached skill level 1 in Necromancy
  1552 | D:2      | Reached skill level 1 in Translocations
  1552 | D:2      | Reached skill level 1 in Transmutations
  1552 | D:2      | Reached skill level 1 in Ice Magic
  1552 | D:2      | Reached skill level 1 in Air Magic
  1552 | D:2      | Reached skill level 1 in Earth Magic
  1552 | D:2      | Reached skill level 1 in Poison Magic
  1695 | D:2      | Learned a level 2 spell: Scorch
  1897 | D:3      | Found a burning altar of Makhleb.
  2054 | D:3      | Found an ancient bone altar of Kikubaaqudgha.
  2150 | D:3      | Found a shimmering blue altar of Sif Muna.
  2732 | D:3      | Reached XP level 5. HP: 37/47 MP: 4/9
  3456 | D:4      | Found a staircase to the Ecumenical Temple.
  3475 | Temple   | Entered the Ecumenical Temple
  3693 | D:4      | Reached XP level 6. HP: 53/53 MP: 11/11
  4066 | D:5      | Entered Level 5 of the Dungeon
  4125 | D:5      | Noticed a wyvern
  4137 | D:5      | Killed a wyvern
  4313 | D:5      | Noticed an ice beast
  4323 | D:5      | Killed an ice beast
  4324 | D:5      | Reached XP level 7. HP: 12/60 MP: 2/12
  4940 | D:5      | Found a glowing golden altar of the Shining One.
  5005 | D:5      | Reached XP level 8. HP: 39/67 MP: 14/14
  5784 | D:5      | Learned a level 2 spell: Blink
  5910 | D:6      | Found Poonuv Edi's Fire Supplies.
  5920 | D:6      | Found a faded altar of an unknown god.
  6153 | D:6      | Identified the +6 mace of Truth {antimagic, SInv}
  6344 | D:6      | Noticed Menkaure
  6358 | D:6      | Killed Menkaure
  6389 | D:6      | Reached XP level 9. HP: 27/73 MP: 5/16
  6656 | D:6      | Reached skill level 5 in Spellcasting
  6735 | D:6      | Found a hazy altar of Hepliaklqana.
  6951 | D:7      | Found a transporter.
  6952 | D:7      | Found a transporter.
  6953 | D:7      | Noticed a brown ugly thing
  6953 | D:7      | Noticed a brown ugly thing
  6954 | D:7      | Found a corrupted altar of Lugonu.
  6955 | D:7      | Identified the +0 buckler of Xele {Int-4 Dex+4}
  7293 | D:7      | Found a bloodstained altar of Trog.
  7648 | D:7      | Noticed a glowing orange brain
  7800 | D:8      | Found the +8 trident of the Octopus King {venom, rElec
                  | rPois}
  8294 | D:8      | Reached skill level 5 in Invocations
  8367 | D:8      | Noticed a boulder beetle
  8368 | D:8      | Noticed a cyclops
  8369 | D:8      | Noticed a cyclops
  8384 | D:8      | Noticed a tengu warrior
  8387 | D:8      | Noticed a cane toad
  8449 | D:8      | Noticed a harpy
  8451 | D:8      | Noticed a salamander
  8451 | D:8      | a harpy changed into a salamander
  8536 | D:8      | Noticed a death drake
  8653 | D:8      | Noticed a wind drake
  8789 | D:8      | Noticed an eye of devastation
  8931 | D:8      | Noticed an orb spider
  8979 | D:8      | Noticed a glowing orange brain
  9169 | D:9      | Noticed a wizard
  9174 | D:9      | Reached skill level 5 in Short Blades
  9174 | D:9      | Reached skill level 5 in Long Blades
  9174 | D:9      | Reached skill level 5 in Axes
  9174 | D:9      | Reached skill level 5 in Polearms
  9174 | D:9      | Reached skill level 5 in Staves
  9174 | D:9      | Reached skill level 5 in Ranged Weapons
  9174 | D:9      | Reached skill level 5 in Throwing
  9174 | D:9      | Reached skill level 5 in Armour
  9174 | D:9      | Reached skill level 5 in Dodging
  9174 | D:9      | Reached skill level 5 in Stealth
  9174 | D:9      | Reached skill level 5 in Shields
  9174 | D:9      | Reached skill level 5 in Unarmed Combat
  9174 | D:9      | Reached skill level 5 in Evocations
  9174 | D:9      | Reached XP level 10. HP: 53/81 MP: 18/18
  9587 | D:9      | Noticed a six-headed hydra
  9669 | D:9      | Found a blossoming altar of Fedhas.
  9669 | D:9      | Found a radiant altar of Vehumet.
  9669 | D:9      | Found a broken altar of Ashenzari.
  9970 | D:9      | Found a shadowy altar of Dithmenos.
  9970 | D:9      | Found a basalt altar of Yredelemnul.
  9970 | D:9      | Found an ornate altar of the Wu Jian Council.
  9972 | D:9      | Found a sacrificial altar of Ru.
  9972 | D:9      | Found a glowing silver altar of Zin.
  9972 | D:9      | Found an opulent altar of Gozag.
 10006 | D:9      | Noticed Erolcha
 10564 | D:9      | Found Ywipn's Assorted Antiques.
 10644 | D:9      | Found a staircase to the Lair.
 10660 | D:9      | Killed a six-headed hydra
 11400 | D:9      | Reached skill level 5 in Conjurations
 11400 | D:9      | Reached skill level 5 in Hexes
 11400 | D:9      | Reached skill level 5 in Summonings
 11400 | D:9      | Reached skill level 5 in Necromancy
 11400 | D:9      | Reached skill level 5 in Translocations
 11400 | D:9      | Reached skill level 5 in Transmutations
 11400 | D:9      | Reached skill level 5 in Ice Magic
 11400 | D:9      | Reached skill level 5 in Air Magic
 11400 | D:9      | Reached skill level 5 in Earth Magic
 11400 | D:9      | Reached skill level 5 in Poison Magic
 11400 | D:9      | Reached XP level 11. HP: 78/89 MP: 21/21
 11442 | D:10     | Entered Level 10 of the Dungeon
 11501 | D:10     | Noticed Fannar
 11534 | D:10     | Killed Fannar
 11785 | D:10     | Noticed a cyclops
 11804 | D:10     | Killed a cyclops
 12294 | D:10     | Found a portal to a secret trove of treasure.
 12604 | D:10     | Found a stormy altar of Qazlal.
 12678 | D:10     | Noticed a white ugly thing
 12680 | D:10     | Noticed a brown ugly thing
 12681 | D:10     | Noticed a purple ugly thing
 12682 | D:10     | Noticed a purple ugly thing
 12682 | D:10     | Noticed a purple ugly thing
 12682 | D:10     | Noticed a cyan ugly thing
 12881 | D:9      | Killed a wizard
 13110 | D:9      | Killed Erolcha
 13816 | D:9      | Killed a brown ugly thing
 13867 | D:9      | Killed a green ugly thing
 13961 | D:9      | Killed a brown ugly thing
 14204 | D:9      | Killed a purple ugly thing
 14337 | D:10     | Killed a green ugly thing
 14534 | D:10     | Killed a cyan ugly thing
 14732 | D:10     | Noticed a wizard
 14744 | D:10     | Killed a wizard
 14886 | D:10     | Noticed a purple very ugly thing
 14886 | D:10     | Noticed a wizard
 15490 | D:11     | Noticed a green ugly thing
 15497 | D:11     | Killed a green ugly thing
 15498 | D:11     | Reached XP level 12. HP: 97/97 MP: 23/23
 15506 | D:11     | Learned a level 2 spell: Wereblood
 16690 | D:12     | Reached skill level 10 in Fighting
 16690 | D:12     | Reached skill level 10 in Maces & Flails
 16833 | D:12     | Found a staircase to the Orcish Mines.
 17096 | D:12     | Noticed a two-headed ogre
 17099 | D:12     | Killed a two-headed ogre
 17321 | D:12     | Identified the +1 falchion of Newy {pain, Str+4}
 17923 | D:12     | Found an ornate altar of the Wu Jian Council.
 18469 | D:10     | Killed a purple very ugly thing
 18478 | D:10     | Identified the +9 shortbow of the Absolute Madman {venom,
                  | rElec}
 18845 | Lair:1   | Entered Level 1 of the Lair of Beasts
 19568 | Lair:1   | Reached XP level 13. HP: 104/104 MP: 25/25
 20886 | Lair:2   | Found a hide-covered altar of Uskayaw.
 21058 | Lair:2   | Found an ornate altar of the Wu Jian Council.
 21538 | Lair:2   | Found a staircase to the Swamp.
 22853 | Lair:3   | Found a hole to the Spider Nest.
 24626 | Lair:5   | Entered Level 5 of the Lair of Beasts
 25157 | Lair:5   | Drowned by a drowned soul

Illustrated notes

Levels and vault maps discovered:
D:1:      onia_arrival_mini_maze, layout_basic, serial_shops,
          nicolae_shop_crystal
D:2:      layout_rooms, kennysheep_cross_bottleneck, grunt_decor_mini_mirrors
D:3:      layout_loops_ring, nicolae_sif_muna_condensation, marbit_many_paths,
          kiku_gazebo_pond_becter
D:4:      minmay_diamond_boxcup, layout_rooms, minmay_temple_entry_arrows
D:5:      layout_loops_ring, old_standard_altar, minmay_crossroads
D:6:      layout_cave_pools, worldfamousw_hep_ancestral_shrine,
          serial_column_ruins, column_ruins_hut, column_ruins_temple_hall,
          column_ruins_open_medium, column_ruins_grid_4,
          column_ruins_open_small, nicolae_shop_fire_sale
          [nicolae_sub_dead_trees], uniq_menkaure
D:7:      gammafunk_corrupted_shrine, layout_loops_ring, trog_book,
          nrook_loot_triangle
D:8:      layout_rooms, onia_ninara_dug_in_and_dangerous
D:9:      cheibrodos_wizards_tower, layout_loops_ring,
          nicolae_overflows_in_rows, minmay_lair_entry_grove,
          nicolae_stop_n_shop_2, kennysheep_path_1, uniq_erolcha
D:10:     cheibrodos_breeding_chamber, layout_basic,
          nicolae_qazlal_eye_of_the_storm, nicolae_trove_entry_columns,
          special_room [special_room_orc], uniq_fannar
D:11:     layout_gridville
D:12:     layout_basic, hiddenorc1_lemuel, nicolae_wu_jian_glorious_leap
D:13:     layout_gridville
Temple:   nicolae_temple_superstar
Lair:1:   layout_misc_corridors
Lair:2:   layout_hall_layers, palyth_hydra_swamp_entry,
          nzn_masters_of_martial_movement, infiniplex_staircase_pool_2
Lair:3:   layout_loops_ring, spider_nest_entry_funnel_web, serial_bayou_shore_b
Lair:4:   layout_gridlike, serial_bayou_shore_b, infiniplex_staircase_pool
Lair:5:   gammafunk_lair_ancient_temple, layout_gridlike,
          minmay_slime_entry_pillars

Skill      XL: |  1  2  3  4  5  6  7  8  9 10 11 12 13 |
---------------+----------------------------------------+-----
Invocations    | 1 2 3 4 5 6 7 8 9 |  9.9
Short Blades   | 1 2 3 4 5 6 7 8 9 |  9.1
Long Blades    | 1 2 3 4 5 6 7 8 9 |  9.1
Axes           | 1 2 3 4 5 6 7 8 9 |  9.1
Polearms       | 1 2 3 4 5 6 7 8 9 |  9.1
Staves         | 1 2 3 4 5 6 7 8 9 |  9.1
Ranged Weapons | 1 2 3 4 5 6 7 8 9 |  9.1
Throwing       | 1 2 3 4 5 6 7 8 9 |  9.1
Armour         | 1 2 3 4 5 6 7 8 9 |  9.1
Dodging        | 1 2 3 4 5 6 7 8 9 |  9.1
Stealth        | 1 2 3 4 5 6 7 8 9 |  9.1
Shields        | 1 2 3 4 5 6 7 8 9 |  9.1
Unarmed Combat | 1 2 3 4 5 6 7 8 9 |  9.1
Evocations     | 1 2 3 4 5 6 7 8 9 |  9.1
Spellcasting   | 3 4 5 6 7 8 9 |  9.5
Conjurations   | 1 2 3 4 5 6 7 |  7.5
Hexes          | 1 2 3 4 5 6 7 |  7.5
Summonings     | 1 2 3 4 5 6 7 |  7.5
Necromancy     | 1 2 3 4 5 6 7 |  7.5
Translocations | 1 2 3 4 5 6 7 |  7.5
Transmutations | 1 2 3 4 5 6 7 |  7.5
Ice Magic      | 1 2 3 4 5 6 7 |  7.5
Air Magic      | 1 2 3 4 5 6 7 |  7.5
Earth Magic    | 1 2 3 4 5 6 7 |  7.5
Poison Magic   | 1 2 3 4 5 6 7 |  7.5
Fighting       | 7 8 9 10 11 | 11.2
Maces & Flails | 7 8 9 10 11 | 11.2
Fire Magic     | 6 7 8 9 |  9.4

Action                   |  1- 3 |  4- 6 |  7- 9 | 10-12 | 13-15 || total
-------------------------+-------+-------+-------+-------+-------++-------
Melee: Mace              |    80 |    78 |   138 |       |       ||   296
       Bite              |     2 |     6 |    26 |    68 |    57 ||   159
       Punch             |     1 |     1 |     5 |     4 |       ||    11
       Staff             |       |       |     2 |       |       ||     2
       Flail             |       |       |    41 |       |       ||    41
       Trident           |       |       |    66 |   669 |   353 ||  1088
Throw: Dart              |       |     4 |    14 |    38 |    55 ||   111
       Throwing net      |       |       |       |     3 |       ||     3
 Cast: Scorch            |       |    31 |    40 |     4 |     2 ||    77
       Wereblood         |       |       |       |     2 |       ||     2
Invok: Fiery Armour      |       |     2 |       |     6 |     2 ||    10
       Rising Flame      |       |       |       |     1 |       ||     1
       Foxfire Swarm     |       |       |       |       |     2 ||     2
Evoke: Wand              |       |       |       |    15 |    10 ||    25
       Phantom mirror    |       |       |       |     1 |       ||     1
  Use: Scroll            |     3 |     6 |     5 |    11 |    10 ||    35
       Potion            |       |       |     2 |    12 |     7 ||    21
 Stab: Distracted        |       |       |       |       |     1 ||     1
Armor: Ring mail         |    34 |    48 |    26 |       |       ||   108
       Robe              |     1 |       |       |       |       ||     1
       Plate armour      |       |       |   102 |   260 |   157 ||   519
Dodge: Dodged            |    35 |    58 |    76 |    89 |    60 ||   318
Block: Other             |       |     6 |    51 |    18 |       ||    75
       Reflection        |       |       |     1 |     6 |       ||     7
       Kite shield       |       |       |       |   272 |   226 ||   498
